Map: Glittering Ashes LE

Players

Kitoragi - Winner!

  • Race: Protoss Protoss
  • League: Platinum
  • Spawn Location: 7:00

FixItFelix

  • Race: Terran Terran
  • League: Gold
  • Spawn Location: 1:00

VOD

Have the link to the VOD?

Description

Time

  • Played on: June 29, 2022, 11:37 p.m.
  • Length: 17:08
Show
View Real Time Build Order
Export as new Build Order

Kitoragi Protoss - Winner!

Build Orders: 1 Gate Expand, Phoenix Opening 

Get SALT Encoding   

  12  0:00  Probe (Chrono Boost)  
  13  0:09  Probe (Chrono Boost)  
  14  0:19  Pylon  
  14  0:21  Probe  
  15  0:37  Probe  
  15  0:38  Gateway  
  16  0:44  Assimilator  
  16  0:49  Probe  
  17  1:01  Probe  
  18  1:13  Probe  
  19  1:29  Nexus  
  19  1:40  Cybernetics Core  
  19  1:53  Pylon  
  19  1:58  Probe  
  20  2:10  Probe  
  20  2:14  Assimilator  
  21  2:17  Stargate  
  22  2:22  Probe  
  22  2:30  Adept (Chrono Boost)  
  22  2:35  Warp Gate  
  23  2:45  Probe x2  
  25  2:56  Gateway  
  25  3:04  Probe x2  
  27  3:11  Phoenix (Chrono Boost)  
  29  3:16  Probe  
  29  3:17  Gateway  
  30  3:22  Probe  
  31  3:28  Probe  
  31  3:31  Phoenix  
  34  3:51  Probe x2  
  36  4:00  Phoenix  
  40  4:03  Probe  
  40  4:04  Probe  
  40  4:15  Probe  
  40  4:16  Probe  
  42  4:28  Probe x2  
  44  4:40  Probe x2  
  44  4:52  Probe x2  
  46  5:00  Robotics Facility  
  46  5:01  Nexus  
  46  5:03  Pylon  
  46  5:06  Pylon  
  46  5:07  Pylon  
  46  5:09  Pylon  
  46  5:21  Probe x2  
  48  5:34  Probe x2  
  50  5:42  Assimilator  
  50  5:44  Shield Battery  
  50  5:45  Shield Battery  
  50  5:46  Assimilator, Probe x2  
  50  5:48  Forge x2  
  52  5:51  Twilight Council  
  52  5:52  Robotics Bay  
  52  5:53  Stalker x3  
  58  5:58  Probe x2  
  60  6:10  Probe  
  61  6:16  Probe x2  
  63  6:22  Probe  
  64  6:25  Protoss Ground Weapons Level 1 (Chrono Boost)  
  64  6:26  Protoss Ground Armor Level 1 (Chrono Boost)  
  64  6:28  Charge, Probe x2  
  66  6:33  Gateway  
  66  6:34  Probe  
  66  6:35  Gateway  
  66  6:37  Gateway  
  67  6:40  Probe x2  
  67  6:42  Extended Thermal Lance  
  67  6:46  Probe  
  67  6:47  Colossus  
  70  6:52  Probe x2  
  78  6:58  Probe  
  79  7:20  Probe x3  
  82  7:28  Stalker x2  
  82  7:29  Zealot x3  
  92  7:33  Pylon  
  92  7:34  Pylon  
  92  7:36  Photon Cannon  
  92  7:40  Photon Cannon  
  92  7:41  Assimilator  
  92  7:42  Photon Cannon  
  92  7:45  Assimilator  
  92  7:50  Colossus  
  92  7:51  Oracle  
  101  7:52  Pylon  
  101  7:53  Photon Cannon  
  99  8:11  Zealot x3  
  99  8:12  Zealot x3  
  111  8:35  Probe  
  111  8:37  Protoss Ground Weapons Level 2  
  111  8:38  Protoss Ground Armor Level 2  
  112  8:47  Nexus  
  112  8:49  Pylon x2  
  112  8:50  Zealot x2  
  116  9:00  Pylon  
  116  9:07  Warp Prism (Chrono Boost)  
  118  9:18  Gravitic Boosters (Chrono Boost)  
  118  9:40  Colossus  
  118  9:45  Probe x3  
  127  9:50  Photon Cannon  
  127  9:51  Photon Cannon  
  127  9:54  Photon Cannon  
  127  9:55  Photon Cannon  
  127  9:56  Shield Battery  
  127  9:57  Shield Battery, Probe x2  
  129  10:02  Zealot x2  
  129  10:03  Zealot x4  
  128  10:35  Stalker x5  
  130  10:36  Stalker  
  136  11:00  Void Ray (Chrono Boost)  
  136  11:02  Stalker x4  
  136  11:03  Stalker x2  
  152  11:29  Stalker x2  
  156  11:39  Pylon  
  156  11:41  Pylon  
  156  11:43  Pylon  
  156  11:44  Pylon  
  156  11:46  Pylon  
  156  12:05  Void Ray  
  160  12:44  Stalker x6  
  172  13:08  Stalker  
  172  13:09  Stalker x5  
  184  13:49  Pylon  
  162  14:14  Zealot x6  
  130  14:45  Stalker x3  
  124  14:46  Stalker x3  
  122  15:23  Void Ray (Chrono Boost)  
  122  15:48  Zealot x2  
  122  15:49  Zealot x3  
  132  16:05  Zealot  
  132  16:09  Stalker x2  
  132  16:10  Stalker x3  
  154  16:34  Zealot x3  
  154  16:35  Zealot x3  
Show
View Real Time Build Order
Export as new Build Order

FixItFelix Terran 

Build Orders: Command Center First (CC) 

Get SALT Encoding   

  12  0:01  SCV  
  13  0:15  SCV  
  14  0:33  SCV  
  15  0:39  Supply Depot  
  15  1:00  Command Center  
  15  1:04  SCV  
  16  1:21  Barracks  
  16  1:24  Refinery  
  16  1:30  SCV  
  17  1:48  SCV  
  18  1:56  Supply Depot  
  17  2:18  Command Center  
  17  2:21  Marine  
  18  2:26  SCV  
  19  2:42  Engineering Bay  
  19  2:45  SCV  
  19  2:49  Bunker  
  20  2:53  SCV  
  20  2:58  SCV  
  22  3:11  Planetary Fortress  
  22  3:20  Missile Turret  
  22  3:27  Missile Turret  
  22  3:29  SCV  
  22  3:31  Marine  
  24  3:37  SCV  
  22  3:56  SCV x2  
  22  3:58  Marine  
  25  4:04  Factory  
  24  4:21  Marine  
  24  4:40  SCV  
  24  4:41  SCV x2  
  27  4:52  SCV  
  28  4:53  SCV  
  28  4:54  Missile Turret  
  29  5:05  SCV x2  
  29  5:06  SCV  
  32  5:07  Missile Turret  
  30  5:16  Missile Turret  
  30  5:17  Marine, SCV  
  30  5:25  Missile Turret  
  29  5:29  SCV  
  29  5:37  SCV  
  29  5:38  SCV  
  29  5:41  SCV  
  32  5:48  Missile Turret  
  32  5:54  Marine  
  33  5:59  SCV  
  34  6:09  SCV x2  
  36  6:11  Marine, SCV  
  36  6:13  Factory Tech Lab  
  37  6:18  Missile Turret  
  37  6:20  Missile Turret  
  37  6:22  SCV  
  37  6:23  SCV  
  39  6:30  Barracks Reactor  
  39  6:34  SCV  
  39  6:36  SCV  
  41  6:46  SCV  
  42  6:47  Refinery  
  42  6:49  Refinery  
  42  6:50  Refinery  
  42  7:05  Siege Tank  
  44  7:16  Missile Turret, SCV  
  43  7:28  SCV  
  43  7:29  Missile Turret  
  43  7:32  Missile Turret, SCV  
  43  7:33  SCV  
  43  7:36  Marine x2  
  47  7:37  Siege Tank  
  47  7:40  SCV  
  51  7:45  SCV x2  
  53  7:53  SCV  
  53  7:54  Marine  
  53  7:56  Missile Turret  
  53  7:57  SCV x2  
  57  8:01  Missile Turret  
  57  8:02  Marine  
  57  8:05  SCV  
  59  8:08  Starport  
  59  8:09  SCV x2  
  61  8:13  Barracks  
  61  8:17  Supply Depot  
  61  8:18  Barracks  
  61  8:21  Orbital Command  
  61  8:37  Refinery  
  61  8:39  Marine  
  62  8:52  Starport Tech Lab  
  62  8:54  Fusion Core  
  62  8:56  Siege Tank  
  62  8:58  Terran Infantry Weapons Level 1  
  62  9:02  Engineering Bay  
  65  9:05  Armory  
  65  9:11  Barracks Tech Lab  
  65  9:12  Barracks Reactor  
  65  9:20  SCV x3  
  68  9:25  Supply Depot x2  
  68  9:27  Supply Depot  
  68  9:30  Refinery  
  68  9:32  SCV  
  69  9:44  Missile Turret  
  69  9:47  Siege Tank, SCV x2  
  69  9:49  Missile Turret  
  69  9:52  Missile Turret  
  74  9:53  SCV  
  74  9:59  SCV  
  76  10:01  Marine x2  
  76  10:03  Marauder  
  80  10:11  SCV  
  81  10:19  Marine, Barracks  
  71  10:23  SCV  
  71  10:24  Marauder  
  66  10:33  Marine  
  66  10:34  Marine  
  66  10:35  SCV  
  40  11:12  Factory  
  33  11:28  Factory  
  23  11:55  Factory Tech Lab  
  23  12:13  Factory Tech Lab  
  23  12:14  Siege Tank  
  26  12:19  Starport  
  26  12:46  Siege Tank  
  29  13:01  Supply Depot x2  
  29  13:02  Supply Depot  
  29  13:04  Supply Depot  
  29  13:05  Supply Depot  
  29  13:07  Supply Depot  
  29  13:23  Siege Tank x2  
  35  13:29  Liberator  
  38  13:35  Orbital Command  
  38  13:55  Siege Tank x2  
  40  14:13  Starport Reactor  
  40  14:23  SCV  
  25  14:35  SCV  
  10  14:47  SCV  
  10  14:52  Supply Depot  
  4  14:53  Barracks  
  4  14:59  SCV  
  4  15:07  Supply Depot  
  4  15:11  SCV  
  5  15:17  Refinery, Engineering Bay  
  5  15:23  SCV  
  6  15:35  SCV  
  7  15:47  Factory, Barracks Reactor, SCV  
  8  16:00  SCV  
  9  16:05  Factory Tech Lab  
  9  16:07  Barracks  
  9  16:09  Barracks  
  9  16:12  SCV  
  9  16:14  Factory  
  10  16:23  Missile Turret  
  10  16:24  SCV  
  10  16:25  Marine x2, Missile Turret  
  13  16:33  Factory Tech Lab  
  13  16:35  Missile Turret  
Tags
 
Add a new tag
Caveats
  • Supply blocks, unpowered buildings, or Contaminate may cause inaccurate times.
  • Supply counts are checked every 10 seconds.